 Dungeon Crawl Stone Soup version 0.18.1-8-gdd0e5ea (webtiles) character file.

73 Liquid the Slasher (level 4, -4/42 HPs)
             Began as a Naga Gladiator on May 22, 2016.
             Slain by ThereIsNoGod's ghost (5 damage)
             ... in a sewer.
             The game lasted 00:06:58 (1862 turns).

Liquid the Slasher (Naga Gladiator)                 Turns: 1862, Time: 00:06:58

Health: -4/42      AC:  5    Str: 17    XL:     4   Next: 27%
Magic:  4/4        EV:  9    Int:  8    God:
Gold:   71         SH:  0    Dex: 13    Spells: 0 memorised, 3 levels left

rFire  + . .     SeeInvis +     a - +0 long sword
rCold  + . .     Gourm    .     e - +0 ring mail
rNeg   . . .     Faith    .     (no shield)
rPois  +         Spirit   .     c - +0 helmet
rElec  +         Dismiss  .     (no cloak)
rCorr  +         Reflect  .     n - +0 pair of gloves
SustAt .         Harm     .     (no barding)
MR     .....     Rnd*Tele +     q - amulet of inaccuracy (curse)
Stlth  +.........               (no ring)
                                j - ring of teleportation (curse)

@: resistant, very slow, not resistant to hostile enchantments, very unstealthy
A: see invisible, deformed body, poison resistance, slowness 2, slow metabolism
1, spit poison 2, AC +1
a: Spit Poison


You were in a sewer.
You were not hungry.

You visited 1 branch of the dungeon, and saw 3 of its levels.
You also visited: Sewer.

You collected 71 gold pieces.

Inventory:

Hand Weapons
 a - a +0 long sword (weapon)
 b - a +0 short sword of distortion
Missiles
 d - 3 throwing nets (quivered)
Armour
 c - a +0 helmet (worn)
 e - a +0 ring mail (worn)
 n - a +0 pair of gloves (worn)
Jewellery
 j - a cursed ring of teleportation (left hand)
 q - a cursed amulet of inaccuracy (around neck)
Potions
 l - 2 potions of heal wounds
 s - a potion of invisibility
Books
 t - an Akashic Record

   Spells                             Type                      Level
   a - Dispersal                      Translocation                6
   b - Malign Gateway                 Summoning/Translocation      7
   c - Disjunction                    Translocation                8
   d - Controlled Blink               Translocation                8
Comestibles
 f - 5 bread rations
 g - a beef jerky
 h - a slice of pizza
 i - a meat ration
 o - 5 chunks of flesh


   Skills:
 + Level 3.1 Fighting
 * Level 4.1 Long Blades
 - Level 1.7 Throwing
 - Level 2.4 Dodging
 + Level 1.4 Stealth


You had 3 spell levels left.
You didn't know any spells.

Dungeon Overview and Level Annotations

Branches:
Dungeon (3/15)

Altars:
Nemelex Xobeh

Portals:
Abyss: D:1***

Annotations:
Sewer ThereIsNoGod's ghost, novice GrFi


Innate Abilities, Weirdness & Mutations

You cannot wear boots.
Your serpentine skin is tough (AC +1).
You have supernaturally acute eyesight.
Armour fits poorly on your strangely shaped body.
Your system is resistant to poisons.
You cover ground very slowly.
You have a slow metabolism.
You can spit poison.


Message History

ThereIsNoGod's ghost is moderately damaged.
The rat barely misses you. ThereIsNoGod's ghost hits you!
* * * LOW HITPOINT WARNING * * *
The rat barely misses you.
There is nothing on the other side of the stone arch.
There is nothing on the other side of the stone arch.
You closely miss the rat.
ThereIsNoGod's ghost closely misses you.
The rat barely misses you.
You slash the rat!
You kill the rat!
ThereIsNoGod's ghost hits you but does no damage.
ThereIsNoGod's ghost barely misses you.
You hit the rat but do no damage. The rat bites you.
* * * LOW HITPOINT WARNING * * *
ThereIsNoGod's ghost hits you!
* * * LOW HITPOINT WARNING * * *
Your ring mail prevents you from hitting the rat.
The rat closely misses you. ThereIsNoGod's ghost hits you.
You die... ############### ≈.....W@r∩....# ###############

You could see ThereIsNoGod's ghost and a rat.

Vanquished Creatures
  An adder (D:2)
  2 oozes
  2 giant geckos
  3 giant cockroaches
  7 goblins
  7 hobgoblins
  3 ball pythons
  6 bats
  10 kobolds
  10 rats
51 creatures vanquished.

Notes
Turn   | Place    | Note
--------------------------------------------------------------
     0 | D:1      | Liquid the Naga Gladiator began the quest for the Orb.
     0 | D:1      | Reached XP level 1. HP: 19/19 MP: 1/1
    51 | D:1      | Reached XP level 2. HP: 8/26 MP: 2/2
   667 | D:1      | Found a sparkling altar of Nemelex Xobeh.
   775 | D:1      | Reached XP level 3. HP: 33/33 MP: 3/3
  1290 | D:2      | Reached skill level 4 in Long Blades
  1429 | D:2      | Reached skill level 1 in Stealth
  1501 | D:2      | Reached XP level 4. HP: 40/40 MP: 4/4
  1824 | D:3      | Found a glowing drain.
  1834 | Sewer    | Entered a sewer
  1834 | Sewer    | Noticed ThereIsNoGod's ghost (novice GrFi)
  1861 | Sewer    | HP: 1/42 [ThereIsNoGod's ghost (11)]
  1862 | Sewer    | Slain by ThereIsNoGod's ghost

Skill      XL: |  1  2  3  4 |
---------------+-------------+-----
Long Blades    | 4 |  4.1
Stealth        | 1 |  1.4
Fighting       | 3 |  3.1
Throwing       | |  1.7
Dodging        | |  2.4

Action                   |  1- 3 |  4- 6 || total
-------------------------+-------+-------++-------
Melee: Long sword        |   113 |    53 ||   166
 Abil: Spit Poison       |    11 |     2 ||    13
  Use: Scroll            |     5 |     1 ||     6
       Potion            |       |     4 ||     4
  Eat: Chunk             |     2 |     1 ||     3
Armor: Leather armour    |     1 |       ||     1
       Ring mail         |    57 |    23 ||    80
       Skin              |       |    28 ||    28
Dodge: Dodged            |    73 |    33 ||   106
